 Dungeon Crawl Stone Soup version 0.29.1-12-g30fa7ad0bf (webtiles) character file.

Game seed: 11381709135062234403

92 Radix the Trooper (level 4, -1/35 (39) HPs)
             Began as a Barachi Fighter on Jan 14, 2023.
             Slain by Natasha (6 damage)
             ... on level 4 of the Dungeon.
             The game lasted 00:07:32 (2638 turns).

Radix the Trooper (Barachi Fighter)                 Turns: 2638, Time: 00:07:33

HP:   -1/35 (39)    AC: 10    Str: 19    XL:     4   Next: 60%
MP:   4/4           EV:  7    Int:  9    God:
Gold: 229           SH:  4    Dex: 11    Spells: 3/3 levels left

rFire   . . .      SeeInvis .   a - +0 war axe
rCold   . . .      Faith    .   c - +0 buckler
rNeg    . . .      Spirit   .   v - +0 chain mail
rPois   .          Reflect  .   (no helmet)
rElec   .          Harm     .   s - +0 cloak
rCorr   .          Rampage  .   (no gloves)
Will    .....                   (no boots)
Stlth   ..........              (no amulet)
HPRegen 0.11/turn               (no ring)
MPRegen 0.09/turn               (no ring)

@: mighty, slowed, heavily drained, very slow
A: amphibious, slowness 1, strong legs 1, +LOS
a: Hop


You were on level 4 of the Dungeon.
You visited 1 branch of the dungeon, and saw 4 of its levels.

You collected 229 gold pieces.

Inventory:

Hand Weapons
 a - a +0 war axe (weapon)
Armour
 b - a +0 scale mail
 c - a +0 buckler (worn)
 s - a +0 cloak (worn)
 t - the +1 leather armour "Mapsel" {rF+ Will++}
   (You found it on level 3 of the Dungeon)

   rF:        It protects you from fire.
   Will:      It greatly increases your willpower.
 v - a +0 chain mail (worn)
Wands
 n - a wand of light (9)
 u - a wand of roots (10)
Scrolls
 f - a scroll of noise {unknown}
 g - a scroll of teleportation {unknown}
 h - 8 scrolls of identify {unknown}
 i - a scroll of immolation {unknown}
 k - a scroll of torment {unknown}
 l - 2 scrolls of brand weapon {unknown}
 m - a scroll of butterflies {unknown}
 r - 2 scrolls of blinking {unknown}
Potions
 d - 2 potions of might
 e - a potion of brilliance {unknown}
 j - a potion of flight {unknown}
 o - a potion of heal wounds {unknown}
 p - a potion of magic {unknown}
 q - 2 potions of curing {unknown}
 w - a potion of haste {unknown}


   Skills:
 + Level 5.1 Fighting
 + Level 3.9 Axes
 - Level 3.6 Armour
 - Level 3.2 Shields


You had 3 spell levels left.
You didn't know any spells.
Your spell library contained the following spells:

 Spells                   Type           Power      Damage    Failure   Level
 Freeze                   Ice            0%         1d3       99%         1
 Frozen Ramparts          Ice            0%         1d1       100%        3
 Hailstorm                Conj/Ice       0%         3d3       100%        4


Dungeon Overview and Level Annotations

Branches:
Dungeon (4/15)
 Temple: D:4-7

Altars:
Hepliaklqana
Sif Muna
Wu Jian

Annotations:
D:4 Natasha


Innate Abilities, Weirdness & Mutations

You are amphibious.
You cover ground slowly.
You can hop short distances.
You have an extended range of vision and can be seen from far away.


Message History

a +0 hand axe; an orc corpse
Found a chain mail.
Found a fuming dark potion.
w - a fuming dark potion Natasha and an endoplasm come into view.
The endoplasm quivers.
You see here a ring of magical power.
You hit the endoplasm.
The endoplasm is heavily wounded.
The endoplasm freezes you.
You are frozen.
Natasha stares at you and mumbles some strange words.
You feel yourself slow down.
You hit the endoplasm.
You kill the endoplasm!
An ogre comes into view. It is wielding a +0 giant club.
Natasha casts a spell at you.
You feel as though you will be slow longer.
The ogre shouts!
You hit Natasha.
Natasha is moderately wounded.
Natasha barely misses you. Natasha claws you.
You hit Natasha but do no damage.
Natasha is moderately wounded.
Natasha claws you but does no damage.
Natasha stares at you and mumbles some strange words.
You resist with some effort.
You closely miss Natasha.
Natasha is moderately wounded.
You hit the ogre. You block the ogre's attack.
Natasha stares at you and mumbles some strange words.
You feel as though you will be slow longer.
Natasha claws you.
The ogre hits you with a +0 giant club!!
Ouch! That really hurt!
* * * LOW HITPOINT WARNING * * *
Okay, then.
You feel very mighty all of a sudden. Natasha claws you.
You die...

##...## ......#
#.#..## ......#
...##..#####
#.....# #..
##.....#####.....#
#..
#####....##.....#
#.. ####.##.....#
#.. #.##.....# ...
#..#h....#...
#.#=@O.......
#.#.#.....#.#+
##.#.......#
#.#.#.#.#.#.#
##.#.#.#.#.#.# .#
# #.#.#.# ##
#.#.#.# #.#.#. #.


You could see an ogre and Natasha.

Vanquished Creatures
  2 adders
  A worm (D:2)
  3 dart slugs
  5 orcs
  11 ball pythons
  2 bats
  10 endoplasms
  3 goblins
  8 hobgoblins
  A quokka (D:2)
  5 frilled lizards
  4 kobolds (D:1)
  3 rats
58 creatures vanquished.

Vanquished Creatures (others)
  2 fungi (D:2)
2 creatures vanquished.

Grand Total: 60 creatures vanquished

Notes
Turn   | Place    | Note
-------+----------+-------------------------------------------
     0 | D:1      | Radix the Barachi Fighter began the quest for the Orb.
     0 | D:1      | Reached XP level 1. HP: 18/18 MP: 1/1
   278 | D:1      | Reached XP level 2. HP: 22/25 MP: 2/2
   325 | D:1      | Reached skill level 4 in Fighting
  1105 | D:2      | Reached XP level 3. HP: 31/31 MP: 3/3
  1145 | D:2      | Found an ornate altar of the Wu Jian Council.
  1392 | D:2      | Found a faded altar of an unknown god.
  1663 | D:2      | Reached XP level 4. HP: 26/38 MP: 4/4
  2041 | D:3      | Reached skill level 5 in Fighting
  2122 | D:3      | Found a shimmering blue altar of Sif Muna.
  2122 | D:3      | Identified the +1 leather armour "Mapsel" {rF+ Will++}
  2386 | D:3      | Found a hazy altar of Hepliaklqana.
  2631 | D:4      | Noticed Natasha
  2634 | D:4      | Noticed an ogre
  2638 | D:4      | Slain by Natasha

Illustrated notes

Levels and vault maps discovered:
D:1:      minmay_arrival_stone_box, layout_loops_ring
D:2:      layout_rooms, basic_altar, shapermc_ecumenical_altar_ellora,
          minmay_increasing_density
D:3:      layout_basic, mainiacjoe_overflow_paths,
          nicolae_hepliaklqana_hippocampus, columned_hall_lemuel
D:4:      layout_basic, nzn_wu_jian_council_hall, corexii_leaking_fountain,
          minmay_pentomino_pile, uniq_natasha

Skill      XL: |  1  2  3  4 |
---------------+-------------+-----
Fighting       | 4 5 |  5.1
Axes           | 3 |  3.9
Armour         | |  3.6
Shields        | |  3.2

Action                   |  1- 3 |  4- 6 || total
-------------------------+-------+-------++-------
Melee: War axe           |   106 |    35 ||   141
  Use: Potion            |       |     1 ||     1
Armor: Scale mail        |    62 |     8 ||    70
       Chain mail        |       |     5 ||     5
Dodge: Dodged            |    42 |    22 ||    64
Block: Buckler           |    20 |    11 ||    31
